Map: [ESL] Babylon

Players

Spirit (souL)

  • Race: Terran Terran
  • League: Grandmaster
  • Spawn Location: 11:00

Lambo - Winner!

  • Race: Zerg Zerg
  • League: Master
  • Spawn Location: 5:00

VOD

Have the link to the VOD?

Description

Time

  • Played on: March 29, 2023, 8:58 a.m.
  • Length: 9:34
Show
View Real Time Build Order
Export as new Build Order

Spirit Terran 

Build Orders: Reaper Expand, Hellion Banshee, Mech 

Get SALT Encoding   

  12  0:00  SCV  
  13  0:12  SCV  
  14  0:17  Supply Depot  
  14  0:24  SCV  
  15  0:38  SCV  
  15  0:39  Barracks  
  16  0:44  Refinery  
  16  0:50  SCV  
  17  1:02  SCV  
  18  1:15  SCV  
  19  1:27  Reaper, Orbital Command  
  20  1:41  Command Center  
  20  1:52  Supply Depot  
  20  1:53  SCV  
  21  1:59  Marine  
  22  2:05  SCV  
  23  2:15  Factory  
  23  2:17  SCV  
  23  2:21  Barracks Reactor  
  24  2:29  SCV  
  25  2:43  Command Center  
  24  2:46  SCV  
  24  2:58  SCV  
  24  3:01  Starport  
  25  3:05  Orbital Command  
  25  3:07  Refinery  
  25  3:10  SCV  
  26  3:14  Hellion  
  26  3:17  Hellion  
  30  3:21  Barracks Tech Lab  
  30  3:25  SCV  
  29  3:32  SCV  
  30  3:37  SCV  
  30  3:39  Hellion  
  33  3:42  Hellion  
  33  3:44  SCV  
  33  3:47  Banshee  
  39  3:50  SCV  
  40  3:56  SCV, Orbital Command  
  41  4:03  Cloaking Field  
  41  4:06  SCV  
  41  4:09  Hellion  
  44  4:10  SCV  
  44  4:13  Hellion  
  47  4:17  Supply Depot  
  47  4:18  Barracks Tech Lab  
  47  4:19  SCV  
  47  4:23  SCV x2  
  50  4:29  Banshee  
  53  4:31  SCV  
  53  4:35  SCV  
  53  4:36  SCV  
  56  4:41  Supply Depot, Hellion x2  
  56  4:43  Marine  
  61  4:48  SCV x2  
  61  4:50  SCV  
  64  4:59  Refinery  
  64  5:00  SCV x2  
  64  5:02  Orbital Command, Refinery  
  64  5:04  Supply Depot  
  67  5:08  Hellion x2  
  67  5:12  SCV  
  67  5:13  SCV  
  73  5:20  Factory  
  72  5:24  Factory, SCV  
  72  5:25  SCV  
  72  5:26  Barracks Tech Lab  
  74  5:29  SCV  
  74  5:32  Supply Depot  
  74  5:34  Refinery  
  74  5:35  Hellion x2  
  79  5:37  SCV x2  
  79  5:39  Refinery  
  79  5:41  SCV  
  82  5:49  SCV  
  83  5:50  Factory, SCV, Armory  
  83  5:51  Factory  
  83  5:53  SCV  
  83  5:55  Armory  
  85  6:01  SCV  
  85  6:03  SCV  
  87  6:05  SCV  
  87  6:08  Supply Depot, Mag-Field Accelerator  
  88  6:13  Cyclone, SCV  
  88  6:15  SCV  
  93  6:23  Supply Depot  
  93  6:25  Supply Depot  
  93  6:29  Cyclone, SCV x3  
  93  6:30  Supply Depot  
  99  6:35  Factory Reactor  
  99  6:36  Factory Tech Lab  
  99  6:39  Terran Vehicle Weapons Level 1  
  99  6:41  SCV x2  
  99  6:45  SCV, Banshee  
  99  6:46  Cyclone  
  108  6:49  Supply Depot  
  108  6:50  Supply Depot  
  108  6:56  Infernal Pre-Igniter  
  108  6:57  Cyclone, SCV  
  108  6:58  SCV  
  108  6:59  SCV  
  114  7:09  SCV  
  114  7:10  SCV  
  114  7:12  Terran Vehicle And Ship Armor Level 1  
  114  7:14  Command Center  
  116  7:16  Supply Depot  
  116  7:20  Supply Depot, SCV  
  117  7:24  SCV  
  118  7:30  Engineering Bay, Hellion x2  
  118  7:34  Siege Tank  
  118  7:35  SCV x2  
  127  7:39  SCV  
  127  7:41  Siege Tank  
  131  7:45  Siege Tank  
  131  7:47  SCV x2  
  140  7:51  Hellion x2  
  140  8:01  SCV  
  140  8:02  SCV  
  140  8:05  SCV  
  112  8:06  Siege Tank  
  112  8:10  Hellion  
  117  8:14  Siege Tank  
  117  8:18  Cyclone  
  117  8:19  Hellion  
  125  8:24  Factory  
  125  8:25  Factory  
  125  8:26  Factory  
  125  8:37  SCV  
  125  8:38  SCV, Siege Tank  
  125  8:40  Hellion  
  132  8:46  Siege Tank  
  132  8:48  Hellion  
  137  8:50  Siege Tank, Sensor Tower  
  137  8:51  SCV x2, Refinery  
  137  8:52  Sensor Tower  
  141  8:55  SCV  
  141  9:03  SCV  
  141  9:04  Refinery  
  141  9:05  SCV  
  141  9:06  Hellion  
  141  9:07  SCV  
  146  9:16  Command Center  
Show
View Real Time Build Order
Export as new Build Order

Lambo Zerg - Winner!

Build Orders: Pool First 

Get SALT Encoding   

  12  0:00  Drone  
  13  0:12  Overlord  
  13  0:18  Drone  
  14  0:31  Drone x2  
  14  0:34  Drone  
  17  0:44  Drone, Extractor  
  17  0:48  Spawning Pool  
  16  0:56  Drone  
  17  1:06  Drone  
  18  1:17  Hatchery  
  17  1:20  Drone  
  18  1:35  Queen  
  18  1:36  Zergling x2  
  18  1:39  Zergling x2  
  22  1:45  Metabolic Boost  
  22  1:52  Overlord  
  22  2:10  Drone  
  22  2:11  Drone  
  22  2:12  Queen  
  26  2:22  Extractor  
  25  2:27  Hatchery  
  26  2:30  Zergling x2  
  26  2:32  Zergling x2  
  27  2:42  Drone  
  27  2:43  Drone  
  28  2:49  Drone x3  
  31  2:52  Drone x2  
  32  3:01  Overlord  
  32  3:03  Drone  
  33  3:08  Queen  
  35  3:19  Queen  
  37  3:21  Drone x2  
  37  3:24  Drone x2  
  37  3:25  Drone  
  42  3:29  Drone  
  42  3:33  Overlord  
  43  3:39  Drone x2  
  45  3:42  Queen  
  45  3:45  Queen  
  45  3:48  Overlord  
  49  3:56  Drone x4  
  49  3:59  Drone x2  
  49  4:00  Drone  
  49  4:02  Drone  
  57  4:05  Overlord  
  57  4:08  Drone  
  58  4:11  Queen  
  58  4:14  Drone  
  61  4:17  Drone x2  
  61  4:21  Queen  
  65  4:25  Drone x2  
  65  4:27  Overlord  
  65  4:28  Zergling x2  
  68  4:31  Drone x2  
  68  4:33  Drone x2  
  68  4:37  Lair  
  72  4:40  Drone  
  73  4:46  Overlord  
  73  4:47  Extractor  
  73  4:48  Drone x2  
  73  4:49  Baneling Nest  
  73  4:52  Drone  
  74  4:55  Spore Crawler x2  
  74  4:56  Spore Crawler  
  74  4:57  Drone  
  74  4:58  Drone x4  
  78  5:07  Zergling x8  
  78  5:08  Drone  
  78  5:12  Drone x4  
  85  5:15  Extractor  
  85  5:17  Extractor  
  85  5:18  Overlord  
  83  5:22  Drone x4  
  83  5:25  Drone  
  83  5:27  Hatchery  
  87  5:31  Drone x3  
  90  5:38  Overseer  
  90  5:41  Centrifugal Hooks  
  90  5:42  Spore Crawler, Drone x3  
  92  5:43  Evolution Chamber  
  92  5:44  Overseer  
  92  5:45  Evolution Chamber  
  92  5:46  Zergling x6  
  92  5:47  Drone  
  92  5:48  Drone  
  95  5:50  Drone  
  95  5:51  Baneling  
  95  5:53  Queen  
  95  5:55  Baneling  
  98  6:00  Overseer, Overlord, Extractor  
  98  6:02  Overlord  
  97  6:04  Baneling x2, Overlord  
  97  6:05  Overlord  
  97  6:06  Drone  
  97  6:10  Hydralisk Den  
  97  6:15  Drone  
  97  6:16  Overlord  
  98  6:19  Overlord, Extractor  
  98  6:23  Spore Crawler  
  96  6:26  Drone  
  96  6:27  Overlord  
  96  6:28  Drone x3  
  96  6:29  Drone x4  
  104  6:39  Drone, Muscular Augments  
  105  6:40  Zerg Melee Weapons Level 1, Zerg Missile Weapons Level 1  
  105  6:41  Hydralisk x2  
  105  6:43  Overlord  
  105  6:44  Zergling x8  
  113  6:49  Zergling x6  
  116  6:55  Drone x4  
  116  6:56  Queen  
  116  6:57  Spore Crawler  
  116  6:59  Drone x2  
  123  7:01  Zergling x4  
  123  7:05  Overlord  
  123  7:07  Drone x4  
  129  7:09  Drone x2  
  129  7:11  Drone  
  132  7:16  Drone x2  
  132  7:20  Hydralisk x3  
  140  7:26  Hatchery  
  140  7:28  Zergling x14  
  146  7:37  Zergling x20  
  154  7:38  Baneling x4  
  154  7:46  Zergling x8  
  154  7:50  Grooved Spines, Overlord  
  158  7:54  Zergling x4  
  160  8:02  Zergling x14  
  152  8:10  Hydralisk x6  
  164  8:14  Infestation Pit  
  164  8:17  Pneumatized Carapace  
  163  8:20  Hydralisk x5  
  163  8:21  Baneling x2  
  163  8:22  Baneling x19  
  163  8:26  Zergling x6  
  176  8:30  Overlord, Extractor  
  176  8:31  Spine Crawler  
  176  8:32  Baneling x7  
  174  8:35  Baneling x2, Zergling x4  
  176  8:44  Zergling x16  
  182  8:55  Zergling x16  
  190  8:57  Baneling x14  
  190  9:01  Drone x2  
Tags
 
Add a new tag
Caveats
  • Supply blocks, unpowered buildings, or Contaminate may cause inaccurate times.
  • Supply counts are checked every 10 seconds.